 Dungeon Crawl Stone Soup version 0.22-a0-422-g9628fc8 (webtiles) character file.

2424 4thArraOfDagon the Cleaver (level 9, -2/82 HPs)
             Began as a Minotaur Summoner on May 16, 2018.
             Was a Believer of Yredelemnul.
             Splashed by an acid dragon's acid (15 damage)
             ... on level 11 of the Dungeon.
             The game lasted 00:10:49 (3238 turns).

4thArraOfDagon the Cleaver (Minotaur Summoner)      Turns: 3238, Time: 00:10:49

Health: -2/82      AC:  5    Str: 13    XL:     9   Next: 24%
Magic:  11/11      EV: 16    Int: 13    God:    Yredelemnul [**....]
Gold:   328        SH:  0    Dex: 17    Spells: 8/10 levels left

rFire    . . .     SeeInvis .   t - +0 broad axe
rCold    + . .     Gourm    .   (no shield)
rNeg     . . .     Faith    .   y - +1 leather armour of Guhoar {rC+ Regen+ Dex+4} (curse)
rPois    .         Spirit   .   (helmet restricted)
rElec    .         Reflect  .   s - +0 cloak
rCorr    .         Harm     .   (no gloves)
MR       .....                  (no boots)
Stlth    +++.......             (no amulet)
HPRegen  0.63/turn              d - ring of stealth
MPRegen  0.12/turn              (no ring)

@: no status effects
A: retaliatory headbutt, horns 2, repulsion field 1, agile 1, dopey 1, mutation
resistance 1
a: Animate Remains, Recall Undead Slaves, Injury Mirror, Renounce Religion


You were on level 11 of the Dungeon.
You worshipped Yredelemnul.
Yredelemnul was pleased with you.
You were not hungry.

You visited 1 branch of the dungeon, and saw 9 of its levels.

You collected 328 gold pieces.

Inventory:

Hand Weapons
 j - a +0 flail
 l - a +0 hand axe
 t - a +0 broad axe (weapon)
Missiles
 x - a throwing net (quivered)
Armour
 a - a +0 robe
 k - a +0 ring mail
 s - a +0 cloak (worn)
 y - the cursed +1 leather armour of Guhoar (worn) {rC+ Regen+ Dex+4}
   (You found it on level 6 of the Dungeon)

   It affects your dexterity (+4).
   It protects you from cold.
   It increases your rate of regeneration.
   It has a curse placed upon it.
Jewellery
 d - a ring of stealth (left hand)
 i - an uncursed ring of ice
Wands
 h - a wand of disintegration (3)
 z - a wand of digging (8)
Scrolls
 b - a scroll of amnesia {unknown}
 e - 3 scrolls of fog
 f - 3 scrolls of noise
 g - 3 scrolls of teleportation
 m - 3 scrolls of remove curse
 n - a scroll of fear
 o - a scroll of magic mapping
 p - a scroll of enchant weapon {unknown}
 u - 4 scrolls of identify {unknown}
 v - 2 scrolls of enchant armour {unknown}
Potions
 r - a potion of curing
Comestibles
 c - 6 rations
 w - a chunk of flesh


   Skills:
 + Level 8.6 Fighting
 * Level 8.7 Axes
 + Level 3.3 Armour
 + Level 3.9 Dodging
 - Level 1.5 Stealth
 - Level 1.3 Spellcasting
 - Level 2.9 Summonings
 + Level 5.2 Invocations


You had 8 spell levels left.
You knew the following spells:

 Your Spells              Type           Power        Failure   Level  Hunger
a - Summon Small Mammal   Summ           #...         11%         1    ##.....
b - Apportation           Tloc           #.....       34%         1    ##.....

Your spell library contained the following spells:

 Spells                   Type           Power        Failure   Level  Hunger
 Animate Skeleton         Necr           N/A          34%         1    ##.....
 Summon Ice Beast         Ice/Summ       #.......     88%         4    #####..
 Call Imp                 Summ           #.......     16%         2    ###....
 Confusing Touch          Hex            #.....       34%         1    ##.....
 Call Canine Familiar     Summ           #.......     30%         3    ####...
 Summon Lightning Spire   Summ/Air       #.......     88%         4    #####..
 Summon Guardian Golem    Hex/Summ       #.......     50%         3    ####...


Dungeon Overview and Level Annotations

Branches:
Dungeon (8/15)             Temple (0/1) D:5             Orc (0/2) D:11
   Lair: D:8-11

Altars:
Cheibriados
Nemelex Xobeh
Okawaru
Qazlal
Trog
Vehumet
Yredelemnul

Annotations:
D:3 Tiareth's ghost, amateur TeGl


Innate Abilities, Weirdness & Mutations

You reflexively headbutt those who attack you in melee.
You have a pair of horns on your head.
You are surrounded by a mild repulsion field. (EV +2)
You are agile. (Dex +2)
You are dopey. (Int -2)
You are somewhat resistant to further mutation.


Message History

Eat one of 2 chunks of flesh? (ye/n/q)
You eat one of the 2 chunks of flesh.
This raw flesh tastes terrible.
Your surroundings seem slightly different.
Unknown command.
Unknown command.
As you read the scroll of teleportation, it crumbles to dust.
You feel strangely unstable.
The six-headed hydra seems to regain its courage.
Your surroundings suddenly seem different.
Found a leather armour and 13 gold pieces.
Found a stone staircase leading down.
An acid dragon comes into view.
Unknown command.
The acid dragon roars!
The acid dragon spits acid at you. The splash of acid hits you!
* * * LOW HITPOINT WARNING * * *
You are splashed with acid!
The acid burns!
You die...
Your body rises from the dead as a mindless zombie.

*,,,,,,,,,,,,,,,,,,,,,
#............,,,,,,,,,
#.............,,,,,,,,
#.............,,,,,,,,
#.............,,,,,,,,
#.............,,,,,,,,
#.....>.......,,,,,,,,
#.............,,,,,,,,
#$...@........,,,,,,,,
#...[.........,,,,,,,,
#...........D.,,,,,,,,
#.............,,,,,,,,
#.............,,,,,,,,
#.............,,,,,,,,
#.............,,,,,,,,
#.............,,,,,,,,
#.............,,,,,,,,


You could see an acid dragon.

Vanquished Creatures
  Joseph (D:7)
  4 yaks (D:7)
  A porcupine (D:8)
  An ice beast (D:7)
  A sky beast (D:8)
  A phantom (D:8)
  A necrophage (D:6)
  2 bullfrogs (D:6)
  A big kobold (D:7)
  A water moccasin skeleton (D:4)
  2 crimson imps
  A centaur zombie (D:6)
  A quasit (D:7)
  A hound (D:5)
  3 orc priests
  A centaur skeleton (D:6)
  5 orc wizards
  A bullfrog skeleton (D:4)
  4 worker ants
  A killer bee zombie (D:6)
  11 adders
  3 gnolls (D:7)
  A shadow imp (D:7)
  3 adder skeletons
  A worm (D:5)
  4 dart slugs
  5 leopard geckos
  17 orcs
  4 bats
  3 giant cockroaches
  2 goblins
  7 hobgoblins (D:3)
  6 jackals
  3 quokkas (D:6)
  6 frilled lizards
  11 kobolds
  A quokka skeleton (D:6)
  5 rats
127 creatures vanquished.

Vanquished Creatures (others)
  2 fungi (D:8)
2 creatures vanquished.

Grand Total: 129 creatures vanquished

Notes
Turn   | Place    | Note
-------+----------+-------------------------------------------
     0 | D:1      | 4thArraOfDagon the Minotaur Summoner began the quest for the Orb.
     0 | D:1      | Reached XP level 1. HP: 14/14 MP: 1/1
    25 | D:1      | Thaneod: fedhas please...
    38 | D:1      | Reached skill level 1 in Fighting
   113 | D:2      | Found an iron altar of Okawaru.
   249 | D:3      | Noticed Tiareth's ghost (amateur TeGl)
   296 | D:2      | Reached XP level 2. HP: 14/24 MP: 3/3
   504 | D:2      | Reached XP level 3. HP: 17/31 MP: 4/4
   707 | D:2      | 4thArraOfDagon: I think he is useful
   964 | D:3      | Reached XP level 4. HP: 41/41 MP: 5/5
  1062 | D:4      | Reached skill level 5 in Fighting
  1258 | D:4      | Found a basalt altar of Yredelemnul.
  1281 | D:4      | 4thArraOfDagon: yred, any good?
  1291 | D:4      | Became a worshipper of Yredelemnul the Dark
  1304 | D:4      | Gained mutation: You are agile. (Dex +2) [potion of mutation]
  1304 | D:4      | Gained mutation: You are surrounded by a mild repulsion field. (EV +2) [potion of mutation]
  1304 | D:4      | Gained mutation: You are dopey. (Int -2) [potion of mutation]
  1304 | D:4      | Gained mutation: You are somewhat resistant to further mutation. [potion of mutation]
  1309 | D:4      | Reached XP level 5. HP: 50/50 MP: 6/6
  1316 | D:4      | Reached skill level 1 in Invocations
  1619 | D:3      | Reached skill level 1 in Axes
  1795 | D:3      | Reached * piety under Yredelemnul
  1846 | D:3      | Thaneod: funny
  1898 | D:4      | Reached XP level 6. HP: 39/57 MP: 7/7
  1902 | D:4      | Thaneod: every stat to str?
  1988 | D:5      | Entered Level 5 of the Dungeon
  2032 | D:4      | 4thArraOfDagon: no, just int
  2078 | D:5      | Learned a level 1 spell: Apportation
  2085 | D:5      | Found a staircase to the Ecumenical Temple.
  2178 | D:5      | Found a stormy altar of Qazlal.
  2232 | D:5      | Reached XP level 7. HP: 45/64 MP: 8/8
  2318 | D:5      | Found a bloodstained altar of Trog.
  2512 | D:6      | Got a heavily runed leather armour
  2523 | D:6      | Identified the cursed +1 leather armour of Guhoar {rC+ Regen+ Dex+4} (You found it on level 6 of the Dungeon)
  2540 | D:6      | Found a snail-covered altar of Cheibriados.
  2577 | D:6      | Found a radiant altar of Vehumet.
  2593 | D:6      | Reached skill level 5 in Axes
  2607 | D:6      | Found a sparkling altar of Nemelex Xobeh.
  2613 | D:6      | Reached ** piety under Yredelemnul
  2715 | D:7      | Noticed Joseph
  2729 | D:7      | Killed Joseph
  2729 | D:7      | Reached XP level 8. HP: 14/74 MP: 8/10
  2985 | D:7      | Reached skill level 1 in Armour
  3066 | D:7      | Reached skill level 5 in Invocations
  3066 | D:7      | Reached XP level 9. HP: 79/82 MP: 11/11
  3188 | D:8      | Noticed a two-headed ogre
  3226 | D:8      | You fall through a shaft for 3 floors!
  3226 | D:11     | Noticed a six-headed hydra
  3226 | D:11     | Noticed a manticore
  3238 | D:11     | Splashed by an acid dragon's acid

Vault maps used:
D:1:      lightli_arrival_maybe_door_vault, minmay_misc_feat_enclosed
D:2:      overflow_temple_1_default, first_ration,
          minmay_misc_feat_secret_circle, minmay_crystal_room
D:3:      minmay_ruptured, uniq_jessica
D:4:      lemuel_round_altar
D:5:      nicolae_qazlal_eye_of_the_storm, nicolae_overflow_hidden_temple,
          minmay_temple_entry_overgrown
D:6:      nemelex_xobeh_ov_fountains_minmay, basic_altar, kennysheep_slug_shrine
D:7:      the_bakery, kennysheep_generic_room_4, uniq_joseph
D:8:      due_lair_maze_entry_diamond
D:11:     orc_david_3, serial_shops, shop_fountains

Skill      XL: |  1  2  3  4  5  6  7  8  9 |
---------------+----------------------------+-----
Fighting       | 2 3 4 5 6 7 8 |  8.6
Invocations    | 1 2 4 5 |  5.2
Axes           | 2 4 6 8 |  8.7
Armour         | 2 3 |  3.3
Dodging        | 3 |  3.9
Stealth        | |  1.5
Spellcasting   | |  1.3
Summonings     | |  2.9

Action                   |  1- 3 |  4- 6 |  7- 9 || total
-------------------------+-------+-------+-------++-------
Melee: Unarmed           |    27 |       |       ||    27
       Headbutt          |    10 |    18 |    22 ||    50
       Flail             |    48 |    60 |       ||   108
       Broad axe         |       |   137 |   116 ||   253
Throw: Throwing net      |       |       |     1 ||     1
Evoke: Wand              |       |       |     7 ||     7
  Use: Scroll            |     3 |       |     4 ||     7
       Potion            |       |    12 |     2 ||    14
 Stab: Sleeping          |     2 |       |     4 ||     6
       Distracted        |       |       |     1 ||     1
  Eat: Chunk             |       |     5 |     4 ||     9
Armor: Robe              |     4 |       |       ||     4
       Ring mail         |    26 |    82 |     4 ||   112
       Skin              |       |    29 |       ||    29
       Leather armour    |       |       |    26 ||    26
Dodge: Dodged            |    57 |   164 |   109 ||   330

Table legend:
 A = Spawn XP
 B = Non-spawn XP
 C = Spawn XP percentage of total XP
 D = Spawn monster count
 E = Non-spawn monster count
 F = Spawn count percentage of total count
 G = Total turns spent on level
                    A         B        C        D         E        F      G
               +---------+---------+-------+---------+---------+-------+---------
         Total |       0 |    3463 |   0.0 |       0 |     127 |   0.0 |  3238
               +---------+---------+-------+---------+---------+-------+---------
           D:1 |       0 |       9 |   0.0 |       0 |       6 |   0.0 |   140
           D:2 |       0 |      84 |   0.0 |       0 |      17 |   0.0 |   745
           D:3 |       0 |     112 |   0.0 |       0 |      28 |   0.0 |   425
           D:4 |       0 |     293 |   0.0 |       0 |      21 |   0.0 |   721
           D:5 |       0 |     252 |   0.0 |       0 |      16 |   0.0 |   419
           D:6 |       0 |     514 |   0.0 |       0 |      13 |   0.0 |   259
           D:7 |       0 |    1686 |   0.0 |       0 |      20 |   0.0 |   376
           D:8 |       0 |     513 |   0.0 |       0 |       6 |   0.0 |   141
               +---------+---------+-------+---------+---------+-------+---------
